 Dungeon Crawl Stone Soup version 0.24.1-11-gbbbb2193e6 (webtiles) character file.

Game seed: 13485083895378722787, levelgen mode: deterministic

16696 H0rd4k the Eclecticist (level 12, -3/60 HPs)
             Began as a Deep Elf Wizard on May 11, 2020.
             Was an Initiate of Gozag.
             Slain by a salamander
             ... wielding a +0 trident
              (6 damage)
             ... in a volcano.
             The game lasted 01:06:56 (16300 turns).

H0rd4k the Eclecticist (Deep Elf Wizard)           Turns: 16300, Time: 01:06:57

Health: -3/60      AC: 11    Str:  7    XL:     12   Next: 12%
Magic:  0/33       EV: 15    Int: 31    God:    Gozag
Gold:   726        SH:  0    Dex: 13    Spells: 20/42 levels left

rFire    + . .     SeeInvis +   J - staff of energy
rCold    . . .     Gourm    .   (no shield)
rNeg     . . .     Faith    .   M - +1 robe of the Prince of Darkness {Int+4}
rPois    .         Spirit   .   T - +2 helmet {SInv}
rElec    +         Reflect  .   s - scarf {repulsion}
rCorr    .         Harm     .   (no gloves)
MR       +....                  U - +2 pair of boots {Stlth+}
Stlth    +++++.....             L - amulet of the acrobat
HPRegen  0.20/turn              m - ring of fire
MPRegen  0.23/turn              b - ring "Kuitavuodo" {+Fly rElec Str+3 Int-2 Stlth+}

@: hasted, repel missiles, very quick
A: molten scales 1, cold resistance 1, MP-powered wands
a: Potion Petition, Call Merchant, Bribe Branch, Renounce Religion, Evoke Flight


You were in a volcano.
You worshipped Gozag.
Gozag was pleased with you.
You were not hungry.

You visited 3 branches of the dungeon, and saw 13 of its levels.
You also visited: Sewer, Bailey and Volcano.

You collected 3094 gold pieces.
You spent 984 gold pieces at shops.
You paid 1384 gold pieces to Gozag.

Inventory:

Hand Weapons
 k - a +3 short sword of venom
 C - a +2 bardiche of venom
 R - the +3 shortbow "Isaaf" {venom, rN+ Int+7}
   (You bought it in a shop on level 10 of the Dungeon)

   It poisons the ammo it fires.
   It affects your intelligence (+7).
   It protects you from negative energy.
Missiles
 y - 39 poisoned darts (quivered)
 F - 7 arrows
Armour
 s - a scarf of repulsion (worn)
 M - the +1 robe of the Prince of Darkness (worn) {Int+4}
   (You found it on level 9 of the Dungeon)

   It affects your intelligence (+4).
 T - a +2 helmet of see invisible (worn)
 U - a +2 pair of boots of stealth (worn)
Magical Staves
 n - an uncursed staff of power
 J - an uncursed staff of energy (weapon)
Jewellery
 b - the ring "Kuitavuodo" (right hand) {+Fly rElec Str+3 Int-2 Stlth+}
   (You acquired it on level 10 of the Dungeon)

   [ring of stealth]

   It affects your strength (+3).
   It affects your intelligence (-2).
   It insulates you from electricity.
   It lets you fly.
   It makes you more stealthy.
 f - an uncursed ring of ice
 i - an uncursed ring of positive energy
 m - a ring of fire (left hand)
 v - an uncursed amulet of the gourmand
 x - an uncursed ring of magical power
 A - an uncursed ring of protection from magic
 I - an uncursed ring of ice
 L - an amulet of the acrobat (around neck)
 N - an uncursed ring of protection from magic
Wands
 a - a wand of polymorph (8)
 t - a wand of random effects (53)
 z - a wand of digging (3)
 B - a wand of flame (5)
 G - a wand of disintegration (10)
Scrolls
 c - 2 scrolls of noise {unknown}
 e - 4 scrolls of fear
 g - 6 scrolls of teleportation
 l - 2 scrolls of remove curse
 p - 5 scrolls of fog
 u - 3 scrolls of amnesia
Potions
 h - 4 potions of curing
 j - 4 potions of brilliance
 o - 3 potions of resistance
 q - 2 potions of magic
 r - a potion of cancellation
 D - 2 potions of flight
 E - a potion of might
 H - a potion of ambrosia
Comestibles
 d - 24 rations


   Skills:
 - Level 1.0 Fighting
 - Level 0.5 Polearms
 * Level 1.7 Bows
 - Level 2.3 Armour
 + Level 5.4 Dodging
 + Level 4.5 Stealth
 + Level 15.9 Spellcasting
 + Level 11.5 Conjurations
 + Level 5.0 Hexes
   Level 1.1 Summonings
 + Level 2.8 Translocations
 + Level 6.7 Fire Magic
 + Level 2.1 Air Magic
 + Level 2.5 Poison Magic
 + Level 3.3 Evocations


You had 20 spell levels left.
You knew the following spells:

 Your Spells              Type           Power        Failure   Level  Hunger
a - Magic Dart            Conj           ####         0%          1    None
b - Blink                 Tloc           N/A          1%          2    None
c - Conjure Flame         Conj/Fire      #######.     1%          3    None
d - Mephitic Cloud        Conj/Pois/Air  ######..     1%          3    None
e - Inner Flame           Hex/Fire       #######.     1%          3    None
f - Slow                  Hex            ######..     1%          2    None
g - Portal Projectile     Hex/Tloc       #####.       1%          3    None
h - Fireball              Conj/Fire      #######...   1%          5    None

Your spell library contained the following spells:

 Spells                   Type           Power        Failure   Level  Hunger
 Corona                   Hex            ######.      1%          1    None
 Flame Tongue             Conj/Fire      #####        1%          1    None
 Call Imp                 Summ           ####....     1%          2    None
 Throw Flame              Conj/Fire      ######       1%          2    None
 Sticky Flame             Conj/Fire      #######.     1%          4    None
 Cause Fear               Hex            ######....   2%          4    None
 Leda's Liquefaction      Hex/Erth       #####.....   6%          4    None


Dungeon Overview and Level Annotations

Branches:
Dungeon (10/15)            Temple (1/1) D:4            Lair (2/6) D:9
    Orc (0/2) D:10          Sewer (visited)          Bailey (visited)
Volcano (1/1)
  Swamp: Lair:2-4    Shoals: Lair:2-4     Snake: Lair:2-4    Spider: Lair:2-4

Altars:
Ashenzari
Cheibriados
Elyvilon
Fedhas
Gozag
Hepliaklqana
Kikubaaqudgha
Makhleb
Nemelex Xobeh
Okawaru
Qazlal
Ru
Sif Muna
Trog
Uskayaw
Wu Jian
Yredelemnul
Zin
The Shining One

Shops:
D:10 *[[

Portals:
Trove: D:10 (show slimy rune of Zot)

Annotations:
D:1 exclusion: 2 downstairs
D:2 exclusion: downstairs
D:3 exclusion: upstairs
D:7 exclusion: downstairs
D:9 exclusion: 2 downstairs


Innate Abilities, Weirdness & Mutations

You are partially covered in molten scales. (AC +2)
Your flesh is cold resistant. (rC+)
You expend magic power (3 MP) to strengthen your wands.


Message History

Evoke which item? (* to show all) (? for menu, Esc to quit)
Aiming: Disintegrate
Press: ? - help, Shift-Dir - straight line, f/p - salamander
Aim: a salamander, wielding a +0 trident (lava, severely wounded, chance to defeat MR: 71%)
You feel a surge of power!
The salamander struggles to resist.
The salamander completely misses you.
Okay, then.
Unknown command.
Casting: Blink (safe; 1% risk of failure)
Confirm with . or Enter, or press ? or * to list all spells.
You blink.
Evoke which item? (* to show all) (? for menu, Esc to quit)
Okay, then.
Unknown command.
You feel yourself speed up.
The salamander hits you from afar with a +0 trident!!
* * * LOW HITPOINT WARNING * * *
You are engulfed in flames.
You resist.
You die...
Your body crumbles into a pile of gold.

#####.. ####..#.≈≈
###.##...§≈≈
###.#....§≈≈≈§
#......§≈≈≈≈≈§
###.....≈≈§≈§≈≈≈
###......≈≈≈§≈≈≈≈≈
##.......≈≈§≈≈≈§≈≈≈
#.@.N..§§≈§§§§§≈§§≈
##...N.≈§≈≈≈≈§≈§≈§§≈
##....§§§§§§≈≈≈§§≈§§§
#....≈§≈§§≈§§§§≈≈≈≈≈≈
#....§§§§§§≈≈≈≈≈≈○≈≈≈
##.....§§§§§§≈≈≈≈§○§≈
#......≈§≈≈≈≈≈≈§§○§○°
##.#....§≈≈≈≈≈≈§≈§°○°
#####...≈≈§≈§≈≈≈○°○°


You could see 2 salamanders.

Vanquished Creatures
  2 hydras (Lair:1)
  2 two-headed ogres
  2 orc knights (Bailey)
  A manticore (D:10)
  A salamander (Volcano)
  A spiny frog (Lair:1)
  A hippogriff (D:7)
  Sigmund (D:2)
  3 wyverns (D:9)
  11 yaks (Lair:1)
  6 fire bats (Volcano)
  A steam dragon (D:9)
  2 basilisks (D:9)
  2 hungry ghosts (D:10)
  5 water moccasins
  Duvessa (D:5)
  A hornet zombie (D:7)
  19 orc warriors
  5 porcupines
  3 sky beasts
  3 ice beasts
  5 black bears
  5 centaurs
  5 ogres
  4 crocodiles
  7 bullfrogs
  Dowan (D:5)
  A scorpion (D:7)
  6 killer bees (D:10)
  2 electric eels
  11 howler monkeys
  3 crimson imps
  A hound (D:7)
  A centaur zombie (D:8)
  6 lava snakes (Volcano)
  A bullfrog zombie (D:8)
  13 orc priests
  3 jellies (D:9)
  11 orc wizards
  A gnoll shaman (D:5)
  3 iguanas
  Terence (D:3)
  8 worker ants
  A hound skeleton (D:4)
  Robin (D:3)
  14 adders
  10 gnolls
  2 shadow imps
  8 oozes
  2 adder skeletons (D:7)
  6 worms
  2 dart slugs
  4 leopard geckos
  42 orcs
  7 ball pythons
  7 bats
  6 giant cockroaches
  20 goblins
  17 hobgoblins
  9 jackals
  27 kobolds
  5 quokkas
  9 frilled lizards
  2 jackal zombies
  2 leopard gecko skeletons
  7 rats
  4 plants (Sewer)
386 creatures vanquished.

Vanquished Creatures (others)
  3 fungi (Lair:1)
  12 plants
  2 withered plants (D:5)
17 creatures vanquished.

Grand Total: 403 creatures vanquished

Notes
Turn   | Place    | Note
-------+----------+-------------------------------------------
     0 | D:1      | H0rd4k the Deep Elf Wizard began the quest for the Orb.
     0 | D:1      | Reached XP level 1. HP: 10/10 MP: 7/7
   147 | D:1      | Reached XP level 2. HP: 9/15 MP: 1/9
   463 | D:1      | Reached skill level 5 in Spellcasting
   576 | D:1      | Reached XP level 3. HP: 19/19 MP: 0/11
   580 | D:1      | Learned a level 2 spell: Blink
   584 | D:1      | Learned a level 3 spell: Conjure Flame
   588 | D:1      | Learned a level 3 spell: Mephitic Cloud
  1380 | D:2      | Reached XP level 4. HP: 12/24 MP: 0/13
  1391 | D:2      | Gained mutation: Your flesh is cold resistant. (rC+)
                  | [potion of mutation]
  1391 | D:2      | Gained mutation: You expend magic power (3 MP) to
                  | strengthen your wands. [potion of mutation]
  1391 | D:2      | Gained mutation: You are partially covered in molten
                  | scales. (AC +2) [potion of mutation]
  1593 | D:2      | Noticed Sigmund
  1611 | D:3      | Reached skill level 6 in Spellcasting
  1675 | D:3      | Found a white marble altar of Elyvilon.
  1901 | D:2      | Killed Sigmund
  1901 | D:2      | Reached skill level 7 in Spellcasting
  1901 | D:2      | Reached XP level 5. HP: 28/28 MP: 6/16
  1938 | D:2      | Reached XP level 6. HP: 33/33 MP: 4/18
  2186 | D:3      | Noticed Robin
  2223 | D:3      | Killed Robin
  2682 | D:3      | Noticed Terence
  2696 | D:3      | Killed Terence
  2872 | D:4      | Found a sparkling altar of Nemelex Xobeh.
  2890 | D:4      | Reached skill level 8 in Spellcasting
  3049 | D:4      | Found a bloodstained altar of Trog.
  3132 | D:4      | Found a glowing drain.
  3158 | D:4      | Noticed an ice beast
  3169 | Sewer    | Entered a sewer
  3305 | Sewer    | Reached XP level 7. HP: 37/37 MP: 20/20
  4182 | D:4      | Reached skill level 1 in Poison Magic
  4364 | D:4      | Found a staircase to the Ecumenical Temple.
  4422 | D:5      | Entered Level 5 of the Dungeon
  4440 | D:5      | Reached skill level 9 in Spellcasting
  4448 | D:5      | Reached skill level 5 in Conjurations
  4499 | Temple   | Entered the Ecumenical Temple
  4540 | Temple   | Became a worshipper of Gozag Ym Sagoz the Greedy
  4642 | D:5      | Found a glowing golden altar of the Shining One.
  4672 | D:5      | Noticed Duvessa
  4673 | D:5      | Noticed Dowan
  4701 | D:5      | Killed Duvessa
  4707 | D:5      | Killed Dowan
  4707 | D:5      | Reached XP level 8. HP: 42/42 MP: 9/23
  4890 | D:5      | You fall into a shaft and drop 1 floor!
  5041 | D:5      | Reached skill level 1 in Fire Magic
  5190 | D:5      | Reached skill level 10 in Spellcasting
  5193 | D:5      | Reached skill level 1 in Air Magic
  5221 | D:5      | Found an ancient bone altar of Kikubaaqudgha.
  5487 | D:5      | Found a sparkling altar of Nemelex Xobeh.
  5559 | D:5      | Found a snail-covered altar of Cheibriados.
  5559 | D:5      | Found a basalt altar of Yredelemnul.
  5564 | D:5      | Found a bloodstained altar of Trog.
  5567 | D:5      | Found an iron altar of Okawaru.
  5588 | D:5      | Found a burning altar of Makhleb.
  6244 | D:6      | Reached skill level 11 in Spellcasting
  6515 | D:7      | Reached XP level 9. HP: 46/46 MP: 25/26
  6734 | D:7      | Reached skill level 1 in Armour
  6822 | D:7      | Reached skill level 12 in Spellcasting
  6947 | D:7      | Learned a level 3 spell: Inner Flame
  6950 | D:7      | Learned a level 2 spell: Slow
  6970 | D:7      | Reached skill level 1 in Hexes
  8441 | D:8      | Noticed a two-headed ogre
  8475 | D:8      | Killed a two-headed ogre
  8475 | D:8      | Reached skill level 13 in Spellcasting
  8475 | D:8      | Reached XP level 10. HP: 51/51 MP: 1/29
  8972 | D:9      | Learned a level 3 spell: Portal Projectile
  9083 | D:9      | HP: 2/51 [orc wizard/puff of flame (12)]
  9558 | D:9      | Learned a level 5 spell: Fireball
  9631 | D:9      | Got a crude robe
  9642 | D:9      | Identified the +1 robe of the Prince of Darkness {Int+4}
                  | (You found it on level 9 of the Dungeon)
 10222 | D:9      | Reached skill level 1 in Evocations
 10223 | D:9      | Found a staircase to the Lair.
 10691 | D:10     | Entered Level 10 of the Dungeon
 10757 | D:10     | Found Adithreax's Assorted Antiques.
 10770 | D:10     | Found a portal to a secret trove of treasure.
 10871 | D:10     | Found a flagged portal.
 10947 | Bailey   | Entered a bailey
 10953 | Bailey   | Noticed an orc knight
 10973 | Bailey   | Noticed an orc knight
 11089 | Bailey   | Killed an orc knight
 11089 | Bailey   | Reached skill level 5 in Dodging
 11089 | Bailey   | Reached skill level 14 in Spellcasting
 11288 | Bailey   | Reached skill level 1 in Fighting
 11409 | Bailey   | Got a spiked ring mail
 11488 | Bailey   | Killed an orc knight
 12152 | D:10     | Reached XP level 11. HP: 56/56 MP: 5/31
 12305 | D:10     | Reached skill level 5 in Fire Magic
 12475 | D:10     | Noticed a two-headed ogre
 12480 | D:10     | Reached skill level 10 in Conjurations
 12731 | D:10     | Killed a two-headed ogre
 13156 | D:10     | Found a staircase to the Orcish Mines.
 13589 | D:10     | Bought a scroll labeled CAUGUU VEJAURAHACE for 34 gold
                  | pieces
 13589 | D:10     | Bought a twisted shortbow for 272 gold pieces
 13589 | D:10     | Bought a scroll labeled UDALUR QEBOIHA for 34 gold pieces
 13589 | D:10     | Identified the cursed +3 shortbow "Isaaf" {venom, rN+
                  | Int+7} (You bought it in a shop on level 10 of the Dungeon)
 13708 | D:10     | Reached skill level 15 in Spellcasting
 14017 | D:10     | Bought a +2 helmet of see invisible for 322 gold pieces
 14020 | D:10     | Bought a +2 pair of boots of stealth for 322 gold pieces
 14030 | D:10     | Identified the cursed +1 ring mail of Wasted Space {Str+2
                  | Dex+3} (You found it in a bailey)
 14107 | D:10     | Identified a scroll of acquirement
 14108 | D:10     | Got a flickering tin ring
 14110 | D:10     | Identified the ring "Kuitavuodo" {+Fly rElec Str+3 Int-2
                  | Stlth+} (You acquired it on level 10 of the Dungeon)
 14289 | Lair:1   | Entered Level 1 of the Lair of Beasts
 14308 | Lair:1   | Noticed an eight-headed hydra
 14319 | Lair:1   | Killed an eight-headed hydra
 14762 | Lair:1   | Reached skill level 5 in Hexes
 15025 | Lair:1   | Noticed a four-headed hydra
 15032 | Lair:1   | Killed a four-headed hydra
 15895 | Lair:2   | Reached XP level 12. HP: 60/60 MP: 31/33
 15924 | Lair:2   | Found a dark tunnel.
 15934 | Volcano  | Entered a volcano
 15972 | Volcano  | Reached skill level 1 in Bows
 16258 | Volcano  | Noticed a red draconian
 16300 | Volcano  | HP: 3/60 [salamander/+0 trident (22)]
 16300 | Volcano  | Slain by a salamander

Levels and vault maps discovered:
D:1:      erik_arrival_cave_to_civilisation [erik_arrival_cave_to_hall],
          layout_rooms
D:2:      layout_rooms, lemuel_old_faithful, uniq_sigmund
D:3:      layout_rooms, lemuel_crystal_altar, uniq_terence, uniq_robin
D:4:      layout_rooms, nemelex_xobeh_ov_fountains_minmay,
          minmay_temple_entry_fiery, first_ration,
          cheibrodos_sewer_entry_sluice, trog_book
D:5:      layout_loops_ring, chequers_temple_overflow_minitemple,
          kiku_gazebo_garden_becter, basic_altar, nemelex_diamond_rough_becter,
          uniq_duvessa
D:6:      layout_loops_ring, kennysheep_another_room, minmay_microvault
D:7:      layout_loops_corners, chequers_serial_rivers_marsh
D:8:      layout_loops_ring, minmay_misc_feat_nine_boxes
D:9:      layout_roguey, erik_lair_dragon, hangedman_little_slice_of_home,
          hangedman_decor_riveting
D:10:     layout_cave_pools, erik_orc_2, enter_trove_6, serial_shops,
          nicolae_shop_overgrown_old_shop, enter_bailey_3
Temple:   eino_narrow_crystal_temple
Lair:1:   layout_misc_corridors, st_stairs_3, grunt_megastairs_5,
          lemuel_fruit_tree, serial_bayou_shore_a
Lair:2:   layout_cave_pods, enter_volcano_1, minmay_lair_oklob_chamber
Volcano:  volcano_grotto [vgs_statue_spotlight]

Skill      XL: |  1  2  3  4  5  6  7  8  9 10 11 12 |
---------------+-------------------------------------+-----
Dodging        | 3 4 5 |  5.4
Spellcasting   | 5 7 8 9 11 13 14 15 | 15.9
Conjurations   | 3 4 5 7 8 9 11 | 11.5
Stealth        | 3 4 |  4.5
Poison Magic   | 1 2 |  2.5
Fire Magic     | 2 3 4 6 |  6.7
Air Magic      | 1 2 |  2.1
Armour         | 2 |  2.3
Hexes          | 3 4 5 |  5.0
Evocations     | 2 3 |  3.3
Translocations | 2 |  2.8
Fighting       | 1 |  1.0
Bows           | 1 |  1.7
Polearms       | |  0.5
Summonings     | |  1.1

Action                   |  1- 3 |  4- 6 |  7- 9 | 10-12 || total
-------------------------+-------+-------+-------+-------++-------
Melee: Unarmed           |       |     3 |       |       ||     3
       Staff             |       |     1 |     1 |     2 ||     4
       Short sword       |       |       |    87 |       ||    87
       Bardiche          |       |       |     4 |       ||     4
 Cast: Magic Dart        |   126 |   180 |   376 |   403 ||  1085
       Mephitic Cloud    |       |     5 |    20 |    16 ||    41
       Conjure Flame     |       |     4 |    39 |    36 ||    79
       Blink             |       |     2 |     3 |    17 ||    22
       Slow              |       |       |     2 |     2 ||     4
       Inner Flame       |       |       |       |    20 ||    20
       Fireball          |       |       |       |    77 ||    77
       Portal Projectile |       |       |       |     5 ||     5
Invok: Potion Petition   |       |       |     1 |       ||     1
       Call Merchant     |       |       |       |     2 ||     2
 Abil: Stop Flying       |       |       |       |     2 ||     2
       Evoke Flight      |       |       |       |     2 ||     2
Evoke: Wand              |       |       |     1 |    25 ||    26
       Staff of energy   |       |       |     1 |       ||     1
  Use: Scroll            |     4 |     1 |    11 |    11 ||    27
       Potion            |       |     2 |       |     4 ||     6
  Eat: Chunk             |     1 |     6 |     2 |       ||     9
       Ration            |       |       |     4 |     8 ||    12
Armor: Robe              |       |    12 |     1 |    30 ||    43
       Leather armour    |       |       |    15 |     8 ||    23
Dodge: Dodged            |    10 |    75 |    37 |   158 ||   280
       Deflected         |       |       |     1 |    24 ||    25
